 Dungeon Crawl Stone Soup version 0.20.1-1-g8b1a95d (webtiles) character file.

22131 vallasvow the Grappler (level 12, -10/119 HPs)
             Began as a Troll Monk on Oct 25, 2017.
             Was a High Priest of Trog.
             Mangled by an ettin
             ... wielding a cursed +0 dire flail
              (47 damage)
             ... on level 11 of the Dungeon.
             The game lasted 01:14:41 (12679 turns).

vallasvow the Grappler (Troll Monk)                Turns: 12679, Time: 01:14:41

Health: -10/119    AC: 15    Str: 24    XL:     12   Next: 60%
Magic:  20/20      EV: 15    Int:  6    God:    Trog [*****.]
Gold:   658        SH:  0    Dex: 12    Spells: 11/11 levels left

rFire    + + .     SeeInvis +     - Unarmed
rCold    + . .     Gourm    +   (no shield)
rNeg     . . .     Faith    .   u - +2 robe {rC+ rF+}
rPois    .         Spirit   .   Q - +2 hat
rElec    .         Reflect  .   o - +1 cloak
rCorr    .         Harm     .   (gloves unavailable)
MR       .....                  (boots unavailable)
Stlth    ++........             A - amulet of magic regeneration
Regen    0.7/turn               x - ring of see invisible
MPRegen  0.3/turn               g - ring "Put-Me-On" {rF+ MP+9, Worn by Vallasvow.}

@: berserk cooldown, slowed, very slow
A: unfitting armour, claws 3, iridescent scales 1, slimy green scales 1, see
invisible, clumsy 1, fast metabolism 3, gourmand, regeneration 1, shaggy fur 1,
tough skin 2
a: Berserk, Trog's Hand, Brothers in Arms, Burn Spellbooks, Renounce Religion


You were on level 11 of the Dungeon.
You worshipped Trog.
Trog was extremely pleased with you.
You were full.

You visited 3 branches of the dungeon, and saw 13 of its levels.

You collected 658 gold pieces.

Inventory:

Hand Weapons
 e - the +2 dagger of the Scorpion {vamp, MR+ Int+2}
   (Trog gifted it to you on level 11 of the Dungeon)

   It inflicts no extra harm, but heals its wielder when it wounds a living foe.
   It affects your intelligence (+2).
   It affects your resistance to hostile enchantments.
 E - a +1 glaive of venom
 J - a +1 falchion of holy wrath
 P - a +0 shortbow
Missiles
 p - 7 tomahawks of returning (quivered)
Armour
 o - a +1 cloak (worn)
 u - a +2 robe of resistance (worn)
 L - a +1 robe of cold resistance
 M - a +1 robe of resistance
 Q - a +2 hat (worn)
Magical Staves
 s - an uncursed staff of summoning
Jewellery
 g - the ring "Put-Me-On" (right claw) {rF+ MP+9, Worn by Vallasvow.}
   (You found it on level 5 of the Dungeon)

   [ring of magical power]

   It protects you from fire.
   It affects your magic capacity (+9).
 n - an uncursed ring of stealth
 x - a ring of see invisible (left claw)
 A - an amulet of magic regeneration (around neck)
 N - an uncursed ring of fire
Wands
 l - a wand of iceblast (8/15)
 y - a wand of acid (11/15)
Scrolls
 a - a scroll of identify
 j - 10 scrolls of remove curse
 m - 3 scrolls of fear
 r - 2 scrolls of immolation
 v - 3 scrolls of teleportation
 H - a scroll of recharging
Potions
 c - 2 potions of ambrosia
 d - a potion of heal wounds
 h - 3 potions of curing
 i - 2 potions of brilliance
 t - 3 potions of flight
 C - a potion of magic
 D - 2 potions of agility
 T - a potion of haste
Comestibles
 b - 14 bread rations
 k - 4 royal jellies
 q - 7 meat rations
 z - 2 fruits


   Skills:
 * Level 7.7 Fighting
 * Level 10.5 Dodging
 - Level 3.0 Stealth
 + Level 14.3 Unarmed Combat


You had 11 spell levels left.
You didn't know any spells.

Dungeon Overview and Level Annotations

Branches:
Dungeon (11/15)            Temple (1/1) D:4            Lair (1/6) D:11
    Orc (0/2) D:9

Altars:
Ashenzari
Cheibriados
Dithmenos
Elyvilon
Fedhas
Gozag
Hepliaklqana
Kikubaaqudgha
Makhleb
Nemelex Xobeh
Okawaru
Qazlal
Ru
Sif Muna
Trog
Uskayaw
Vehumet
Xom
Yredelemnul
Zin
The Shining One

Shops:
D:5 =


Innate Abilities, Weirdness & Mutations

You are too large for most types of armour.
You have claws for hands.
Your metabolism is lightning-fast.
You like to eat raw meat.
Your natural rate of healing is unusually fast.
You are covered in fur. (AC +1)
You have very tough skin. (AC +2)
You are partially covered in iridescent scales. (AC +2)
You are partially covered in slimy green scales. (AC +2)
You have supernaturally acute eyesight. (SInv)
You are clumsy. (Dex -2)


Message History

The troll is moderately wounded.
You feel a strong urge to attack something.
You are no longer berserk.
You are exhausted.
You feel yourself slow down.
A wolf spider comes into view.
The wolf spider hisses angrily.
You mangle the deep troll!!
The deep troll is severely wounded.
The troll bites you. The troll barely misses you. The troll claws you!
The deep troll closely misses you. The deep troll claws you.
* * * LOW HITPOINT WARNING * * *
The deep troll completely misses you.
A fire dragon comes into view.
You mangle the deep troll!!
You kill the deep troll!
Trog accepts your kill.
The troll leather armour is intact enough to wear.
The ettin hits you with a dire flail!!!
You die...

..########.# #...#
# ...........#
#)..### #
.(##########
#Ts##.#### .##
###..#....(รท
.#######
##.#..#.....)
..##...#
##..s.########
.......# #.C.#.# #
.[##...#
########'#### #
.####.##
###..@T..D..# #
....#.#
#.%).[C...##### #
#.#.#.#
#.#....#####..#
#####
#.#.#.######.######
###.####....
..#...............#
#.........##
######.############
#.#.####..##
..#....# #.#.#
#..## #.#..###
#.#.####....
#.....# ###
#.#........#


You could see a fire dragon, an ettin and a troll.

Vanquished Creatures
  Gastronok (Lair:1)
  Fannar (D:10)
  2 two-headed ogres
  The ghost of BuffBuff the Skirmisher, a novice DsFi (D:10)
  2 unseen horrors (D:11)
  A deep troll (D:11)
  3 ugly things (D:11)
  A cyclops (D:11)
  Joseph (Lair:1)
  Psyche (D:8)
  A black mamba (Lair:1)
  A centaur skeleton (D:6)
  A komodo dragon (D:10)
  2 trolls (D:11)
  Prince Ribbit (D:5)
  4 blink frogs (Lair:1)
  3 hippogriffs
  A shadow (D:11)
  A wraith (D:11)
  Grum (Lair:1)
  4 basilisks
  Eustachio (D:5)
  23 yaks
  A soldier ant (D:10)
  5 water moccasins (Lair:1)
  Duvessa (D:7)
  An orc warrior (D:10)
  7 porcupines
  An ice beast (D:7)
  3 black bears
  An eye of draining (D:11)
  4 sky beasts
  2 necrophages
  6 wolves (Lair:1)
  7 ogres
  3 centaurs
  5 crocodiles
  A big kobold (D:11)
  A gnoll sergeant (D:10)
  12 bullfrogs
  Dowan (D:7)
  6 scorpions
  A wyvern skeleton (D:7)
  5 killer bees (D:10)
  A wight (D:9)
  4 howler monkeys
  7 crimson imps
  A bullfrog zombie (D:5)
  5 orc priests
  6 hounds
  Crazy Yiuf (D:2)
  2 orc wizards
  3 iguanas
  6 worker ants
  2 killer bee zombies
  A hound skeleton (D:6)
  A worker ant zombie (D:5)
  8 adders
  7 gnolls
  7 shadow imps
  3 oozes
  4 adder skeletons
  6 worms
  A dart slug (D:2)
  5 leopard geckos
  27 orcs
  3 ball pythons
  3 bats
  3 giant cockroaches
  7 goblins
  7 hobgoblins
  9 jackals
  10 kobolds
  5 quokkas
  7 frilled lizards
  A jackal skeleton (D:5)
  4 rats
  A bush (Lair:1)
  7 fungi
  9 plants
316 creatures vanquished.

Vanquished Creatures (collateral kills)
  A wyvern (D:8)
1 creature vanquished.

Grand Total: 317 creatures vanquished

Notes
Turn   | Place    | Note
-------+----------+-------------------------------------------
     0 | D:1      | vallasvow the Troll Monk began the quest for the Orb.
     0 | D:1      | Reached XP level 1. HP: 22/22 MP: 0/0
   219 | D:1      | Reached XP level 2. HP: 29/29 MP: 1/1
   508 | D:1      | Reached XP level 3. HP: 35/36 MP: 2/2
  1093 | D:2      | Reached XP level 4. HP: 34/44 MP: 3/3
  1160 | D:2      | Found a runed door.
  1381 | D:2      | Noticed Crazy Yiuf
  1396 | D:2      | Killed Crazy Yiuf
  1396 | D:2      | Reached skill level 4 in Unarmed Combat
  1619 | D:3      | Found a basalt altar of Yredelemnul.
  1698 | D:3      | Found a burning altar of Makhleb.
  1715 | D:3      | Reached XP level 5. HP: 44/52 MP: 4/4
  2760 | D:4      | Noticed an ogre
  2772 | D:4      | Killed an ogre
  2772 | D:4      | Reached skill level 5 in Unarmed Combat
  2772 | D:4      | Reached XP level 6. HP: 52/61 MP: 5/5
  3124 | D:4      | Found a staircase to the Ecumenical Temple.
  3137 | Temple   | Entered the Ecumenical Temple
  3351 | Temple   | Became a worshipper of Trog the Wrathful
  3351 | Temple   | Reached * piety under Trog
  3351 | Temple   | Reached ** piety under Trog
  3597 | D:5      | Entered Level 5 of the Dungeon
  3610 | D:5      | Found a shattered altar of Ashenzari.
  3635 | D:5      | Found Filopiybb's Jewellery Shop.
  3736 | D:5      | Found a sparkling altar of Nemelex Xobeh.
  3748 | D:5      | Reached skill level 6 in Unarmed Combat
  3748 | D:5      | Reached XP level 7. HP: 55/67 MP: 6/6
  4008 | D:5      | Noticed Prince Ribbit
  4090 | D:5      | Noticed Eustachio
  4114 | D:5      | Killed Eustachio
  4164 | D:5      | Killed Prince Ribbit
  4164 | D:5      | Reached skill level 7 in Unarmed Combat
  4213 | D:5      | Got a bound glass ring
  4216 | D:5      | Identified the ring "Put-Me-On" {rF+ MP+9} (You found it on level 5 of the Dungeon)
  4572 | D:6      | Found a blossoming altar of Fedhas.
  4578 | D:6      | Reached XP level 8. HP: 75/75 MP: 7/7
  4881 | D:6      | Reached skill level 5 in Dodging
  5107 | D:6      | Reached skill level 8 in Unarmed Combat
  5506 | D:7      | Noticed Dowan
  5508 | D:7      | Noticed Duvessa
  5513 | D:7      | Killed Dowan
  5522 | D:7      | Killed Duvessa
  5522 | D:7      | Reached *** piety under Trog
  5715 | D:7      | Found a shadowy altar of Dithmenos.
  5972 | D:7      | Reached XP level 9. HP: 84/84 MP: 8/8
  6133 | D:7      | Reached skill level 9 in Unarmed Combat
  6562 | D:8      | Noticed Psyche
  6586 | D:8      | Killed Psyche
  6825 | D:8      | Reached **** piety under Trog
  6888 | D:8      | Found a snail-covered altar of Cheibriados.
  6891 | D:8      | Found an opulent altar of Gozag.
  6991 | D:8      | Reached skill level 10 in Unarmed Combat
  7001 | D:8      | Reached skill level 5 in Fighting
  7041 | D:8      | Found a shimmering altar of Xom.
  7238 | D:8      | Found a hazy altar of Hepliaklqana.
  7240 | D:8      | Found a stormy altar of Qazlal.
  7302 | D:8      | Noticed a two-headed ogre
  7311 | D:8      | Killed a two-headed ogre
  7311 | D:8      | Reached XP level 10. HP: 67/96 MP: 9/9
  7598 | D:9      | Found a staircase to the Orcish Mines.
  7885 | D:9      | Found a sparkling altar of Nemelex Xobeh.
  8183 | D:9      | Reached skill level 11 in Unarmed Combat
  8212 | D:10     | Entered Level 10 of the Dungeon
  8302 | D:10     | Noticed BuffBuff's ghost (novice DsFi)
  8328 | D:10     | Killed BuffBuff's ghost
  8865 | D:10     | Noticed Fannar
  8893 | D:10     | Killed Fannar
  9143 | D:10     | Reached skill level 12 in Unarmed Combat
  9219 | D:11     | Reached XP level 11. HP: 104/104 MP: 10/10
  9246 | D:11     | Reached ***** piety under Trog
  9589 | D:11     | Found a staircase to the Lair.
  9717 | Lair:1   | Entered Level 1 of the Lair of Beasts
  9722 | Lair:1   | Noticed Gastronok
  9787 | Lair:1   | Killed Gastronok
  9939 | Lair:1   | Reached skill level 13 in Unarmed Combat
  9963 | Lair:1   | Noticed Grum
  9987 | Lair:1   | Killed Grum
 10155 | Lair:1   | Received a gift from Trog
 10213 | Lair:1   | Noticed Joseph
 10229 | Lair:1   | Killed Joseph
 10319 | Lair:1   | Reached XP level 12. HP: 29/114 MP: 11/11
 10699 | Lair:1   | Reached skill level 10 in Dodging
 12159 | D:11     | Gained mutation: You are clumsy. (Dex -2) [potion of mutation]
 12159 | D:11     | Gained mutation: You are partially covered in slimy green scales. (AC +2) [potion of mutation]
 12159 | D:11     | Gained mutation: You are partially covered in iridescent scales. (AC +2) [potion of mutation]
 12159 | D:11     | Gained mutation: You have supernaturally acute eyesight. (SInv) [potion of mutation]
 12317 | D:11     | Received a gift from Trog
 12320 | D:11     | Got a shimmering dagger {god gift}
 12346 | D:11     | Identified the +2 dagger of the Scorpion {vamp, MR+ Int+2} (Trog gifted it to you on level 11 of the Dungeon)
 12599 | D:11     | Noticed a two-headed ogre
 12608 | D:11     | Reached skill level 14 in Unarmed Combat
 12618 | D:11     | Killed a two-headed ogre
 12658 | D:11     | Noticed an ettin
 12679 | D:11     | Noticed a fire dragon
 12679 | D:11     | Mangled by an ettin

Skill      XL: |  1  2  3  4  5  6  7  8  9 10 11 12 |
---------------+-------------------------------------+-----
Dodging        | 3 4 5 7 8 9 10 | 10.5
Unarmed Combat | 4 5 6 7 8 10 12 13 14 | 14.3
Fighting       | 3 4 5 6 7 |  7.7
Stealth        | 2 3 |  3.0

Action                   |  1- 3 |  4- 6 |  7- 9 | 10-12 || total
-------------------------+-------+-------+-------+-------++-------
Melee: Unarmed           |   102 |   146 |   292 |   598 ||  1138
       Punch             |     2 |     2 |    12 |    49 ||    65
       Dagger            |       |       |       |     1 ||     1
Invok: Berserk           |       |       |    11 |    17 ||    28
       Trog's Hand       |       |       |     2 |     5 ||     7
       Brothers in Arms  |       |       |     1 |     1 ||     2
       Burn Spellbooks   |       |       |       |     1 ||     1
  Use: Potion            |     1 |       |     2 |     4 ||     7
       Scroll            |       |     1 |    10 |    17 ||    28
 Stab: Sleeping          |       |     4 |       |     3 ||     7
  Eat: Chunk             |    15 |    19 |    44 |    70 ||   148
       Royal jelly       |       |       |     1 |       ||     1
       Bread ration      |       |       |     1 |       ||     1
Armor: Robe              |    22 |    43 |    61 |   134 ||   260
       Skin              |       |       |       |    14 ||    14
Dodge: Dodged            |    47 |    87 |   168 |   333 ||   635
